Map: King's Cove LE

Players

Denver

  • Race: Zerg Zerg
  • Spawn Location: 11:00

Astrea - Winner!

  • Race: Protoss Protoss
  • Spawn Location: 5:00

Event: 2019 WCS Summer

VOD

Have the link to the VOD?

Description

Time

  • Played on: July 12, 2019, 6:58 a.m.
  • Length: 8:36

All games in this series

Show
View Real Time Build Order
Export as new Build Order

Denver Zerg 

Build Orders: Hatch First 

Get SALT Encoding   

  12  0:00  Drone  
  13  0:12  Overlord  
  13  0:17  Drone  
  14  0:31  Drone x2  
  16  0:50  Hatchery  
  16  0:53  Drone  
  16  0:57  Drone  
  16  1:01  Drone  
  18  1:12  Extractor  
  18  1:17  Spawning Pool  
  16  1:21  Drone  
  16  1:24  Drone  
  18  1:29  Drone  
  19  1:42  Drone  
  20  1:51  Drone  
  21  2:04  Queen x2  
  21  2:05  Zergling x4  
  27  2:13  Overlord  
  27  2:14  Drone  
  28  2:20  Metabolic Boost  
  28  2:35  Drone  
  28  2:37  Extractor  
  28  2:42  Hatchery  
  27  2:44  Drone  
  27  2:47  Drone  
  27  2:50  Drone  
  30  2:54  Drone  
  30  2:55  Drone  
  32  3:00  Overlord  
  32  3:03  Drone  
  33  3:13  Zergling x6  
  33  3:18  Overlord  
  36  3:20  Drone x2  
  36  3:22  Drone  
  39  3:28  Queen  
  39  3:32  Drone  
  42  3:35  Spore Crawler  
  42  3:37  Drone  
  42  3:41  Spore Crawler  
  41  3:46  Lair  
  41  3:49  Drone  
  41  3:51  Drone  
  41  3:54  Drone  
  41  3:55  Drone  
  45  3:56  Drone  
  45  3:59  Drone  
  48  4:02  Drone  
  48  4:03  Drone  
  48  4:04  Drone  
  48  4:08  Spore Crawler  
  48  4:09  Drone  
  50  4:15  Queen  
  52  4:18  Overlord  
  52  4:22  Drone  
  53  4:24  Drone  
  53  4:25  Overlord  
  53  4:28  Zergling x4  
  56  4:36  Queen  
  58  4:39  Overlord  
  58  4:47  Nydus Network  
  58  4:49  Overlord  
  58  4:51  Overseer  
  56  4:53  Zergling x12  
  62  5:02  Zergling x10  
  62  5:04  Overlord  
  66  5:08  Overseer  
  61  5:18  Zergling x10  
  66  5:25  Zergling x4  
  66  5:27  Zergling x8  
  66  5:28  Zergling x2  
  71  5:31  Queen  
  73  5:36  Queen  
  73  5:42  Nydus Canal  
  72  5:48  Queen  
  73  5:51  Zergling x2  
  73  5:52  Zergling x12  
  73  5:56  Overlord  
  80  5:58  Drone  
  81  6:04  Overlord  
  81  6:07  Nydus Canal  
  80  6:11  Overlord  
  80  6:14  Drone x6  
  80  6:17  Drone  
  79  6:22  Nydus Canal  
  79  6:23  Drone  
  79  6:25  Drone  
  79  6:29  Drone  
  79  6:31  Evolution Chamber  
  77  6:34  Drone, Overseer  
  77  6:38  Drone x2, Extractor  
  77  6:39  Extractor  
  78  6:45  Overlord  
  78  6:47  Drone x7  
  78  6:51  Extractor  
  84  6:55  Extractor  
  84  6:56  Overlord  
  84  6:58  Overlord  
  83  7:02  Drone x3  
  83  7:04  Zergling x4  
  88  7:09  Drone  
  89  7:18  Spire  
  89  7:20  Drone x4  
  86  7:27  Drone x4  
  90  7:30  Extractor  
  90  7:35  Drone  
  90  7:36  Drone x4  
  94  7:42  Drone x4  
  97  7:50  Drone  
  97  7:51  Zergling x6  
  89  7:52  Hydralisk Den  
  91  7:58  Zergling x6  
  92  8:06  Zergling x10  
  97  8:15  Zergling x4  
  99  8:23  Hatchery  
Show
View Real Time Build Order
Export as new Build Order

Astrea Protoss - Winner!

Build Orders: 1 Gate Expand, Oracle Opening, Zealot Archon 

Get SALT Encoding   

  12  0:00  Probe  
  13  0:12  Probe  
  14  0:18  Pylon  
  14  0:24  Probe  
  15  0:32  Probe  
  15  0:39  Gateway  
  15  0:40  Probe  
  16  0:48  Assimilator  
  17  0:51  Probe  
  18  1:03  Probe  
  19  1:15  Probe  
  20  1:33  Probe  
  20  1:34  Nexus  
  21  1:41  Cybernetics Core  
  21  1:46  Probe  
  22  1:52  Assimilator  
  22  1:58  Probe  
  23  2:01  Pylon  
  23  2:09  Adept  
  23  2:15  Probe  
  26  2:24  Probe  
  26  2:25  Stargate  
  27  2:31  Adept  
  27  2:33  Probe  
  27  2:36  Warp Gate  
  30  2:45  Probe  
  30  2:46  Probe  
  32  2:58  Probe x2  
  34  2:59  Stalker  
  34  3:05  Oracle  
  36  3:10  Probe x2  
  41  3:22  Probe, Pylon  
  41  3:26  Probe  
  43  3:31  Gateway  
  43  3:32  Pylon  
  43  3:35  Probe, Oracle  
  44  3:44  Probe  
  44  3:48  Probe  
  49  3:56  Probe  
  49  4:00  Probe  
  49  4:02  Pylon  
  51  4:03  Assimilator  
  51  4:05  Phoenix  
  51  4:08  Probe  
  52  4:12  Probe  
  52  4:14  Assimilator  
  55  4:21  Probe  
  56  4:25  Robotics Facility  
  56  4:26  Probe  
  57  4:37  Probe  
  57  4:38  Zealot x2, Probe  
  60  4:44  Oracle  
  66  4:49  Probe  
  66  4:50  Probe  
  68  4:55  Nexus  
  68  4:56  Pylon  
  68  5:03  Probe  
  68  5:05  Probe  
  70  5:07  Pylon  
  70  5:08  Warp Prism  
  70  5:09  Pylon  
  70  5:15  Probe  
  70  5:18  Probe  
  73  5:23  Sentry  
  73  5:24  Sentry  
  77  5:29  Probe  
  77  5:31  Forge  
  77  5:32  Twilight Council  
  78  5:37  Probe  
  80  5:49  Stalker  
  82  5:50  Stalker  
  82  5:55  Gateway  
  83  5:58  Gateway, Pylon  
  83  5:59  Pylon  
  83  6:00  Pylon  
  83  6:10  Shield Battery  
  83  6:12  Shield Battery  
  83  6:14  Pylon  
  83  6:15  Charge  
  83  6:16  Immortal  
  87  6:24  Stalker x2, Protoss Ground Weapons Level 1  
  91  6:30  Templar Archives  
  91  6:44  Gateway  
  91  6:45  Gateway  
  91  6:47  Gateway  
  91  6:49  Gateway  
  91  7:01  Observer  
  92  7:02  Zealot x4  
  100  7:26  Zealot, High Templar  
  100  7:27  Zealot, High Templar  
  108  7:32  Archon  
  108  7:33  Pylon  
  108  7:34  Nexus  
  108  7:46  Gateway  
  108  7:49  Immortal  
  108  7:50  High Templar x3  
  108  7:51  Zealot x2, High Templar  
  116  7:55  Archon x2  
  124  8:06  Pylon  
  124  8:07  Pylon  
  124  8:08  Pylon  
  124  8:26  Zealot x6  
  124  8:27  Zealot x2  
Tags
 
Add a new tag
Caveats
  • Supply blocks, unpowered buildings, or Contaminate may cause inaccurate times.
  • Supply counts are checked every 10 seconds.